 Dungeon Crawl Stone Soup version 0.30.1-11-g7821555f0a (webtiles) character file.

Game seed: 17597715953026527950

934 Okkudo the Cleaver (level 8, -2/54 (67) HPs)
             Began as a Hill Orc Monk on Dec 9, 2023.
             Was a Believer of Beogh.
             Slain by viagra's ghost (3 damage)
             ... on level 3 of the Dungeon on Dec 10, 2023.
             The game lasted 00:14:09 (4087 turns).

Okkudo the Cleaver (Hill Orc Monk)                  Turns: 4087, Time: 00:14:10

HP:   -2/54 (67)    AC: 16    Str: 16    XL:     8   Next: 11%
MP:   8/8           EV:  5    Int: 10    God:    Beogh [**....]
Gold: 373           SH:  0    Dex: 13    Spells: 7/7 levels left

rFire   . . .        n - +0 war axe
rCold   . . .        d - orb {light}
rNeg    . . .        o - +0 plate armour
rPois   .            (no helmet)
rElec   .            k - +0 cloak
rCorr   .            l - +2 pair of gloves
SInv    .            (no boots)
Will    .....        (no amulet) Stlth
                     (no ring)
HPRegen 0.29/turn    (no ring)
MPRegen 0.11/turn

%: no passive effects
@: confused, ambrosia-drunk, glowing, heavily drained
A: no striking features
a: Renounce Religion, Smiting


You were on level 3 of the Dungeon.
You worshipped Beogh.
Beogh was pleased with you.
You visited 1 branch of the dungeon, and saw 5 of its levels.

You collected 373 gold pieces.

Inventory:

Hand Weapons
 n - a +0 war axe (weapon)
 x - a +0 scythe
 y - a +0 scythe
Missiles
 q - 6 atropa-tipped darts (quivered)
Armour
 d - an orb of light (worn)
 k - a +0 cloak (worn)
 l - a +2 pair of gloves (worn)
 o - a +0 plate armour (worn)
Wands
 t - a wand of polymorph (9)
Scrolls
 b - a scroll of teleportation {unknown}
 e - 6 scrolls of identify {unknown}
 f - a scroll of torment {unknown}
 i - 3 scrolls of noise {unknown}
 p - a scroll of butterflies {unknown}
 r - a scroll of blinking {unknown}
 s - a scroll of poison {unknown}
 u - a scroll of fog {unknown}
 v - a scroll of amnesia {unknown}
 w - a scroll of immolation {unknown}
Potions
 a - a potion of curing {unknown}
 g - a potion of degeneration {unknown}
 h - 2 potions of brilliance {unknown}
 j - a potion of haste {unknown}
 m - 3 potions of heal wounds {unknown}


   Skills:
 - Level 4.8 Fighting
 * Level 9.9 Axes
 + Level 4.4 Armour
 - Level 3.3 Dodging


You had 7 spell levels left.
You didn't know any spells.
Your spell library contained the following spells:

 Spells                   Type           Power      Damage    Failure   Level
 Call Canine Familiar     Summ           0%         N/A       100%        3
 Hailstorm                Conj/Ice       0%         3d3       100%        3
 Portal Projectile        Hex/Tloc       0%         N/A       100%        3
 Ice Form                 Ice/Tmut       0%         N/A       100%        4
 Leda's Liquefaction      Hex/Erth       0%         N/A       100%        4
 Simulacrum               Ice/Necr       0%         N/A       100%        6


Dungeon Overview and Level Annotations

Branches:
Dungeon (5/15)
 Temple: D:4-7

Altars:
Hepliaklqana
Wu Jian

Annotations:
D:3 viagra's ghost, amateur MiBe


Message History

You hit viagra's ghost.
Viagra's ghost is moderately damaged.
You hit the adder. The adder bites you but does no damage.
Viagra's ghost barely misses you.
You hit viagra's ghost but do no damage.
Viagra's ghost is moderately damaged.
You hit the adder.
You kill the adder!
Beogh accepts your kill.
Viagra's ghost hits you but does no damage.
You feel drained.
You hit viagra's ghost but do no damage.
Viagra's ghost is moderately damaged.
You hit the frilled lizard but do no damage.
The frilled lizard completely misses you.
Viagra's ghost barely misses you.
You hit viagra's ghost.
Viagra's ghost is moderately damaged.
You barely miss the frilled lizard. The frilled lizard barely misses you.
Viagra's ghost hits you.
You feel drained.
You hit viagra's ghost but do no damage.
Viagra's ghost is moderately damaged.
You slash the frilled lizard!
You kill the frilled lizard!
Beogh accepts your kill. Viagra's ghost hits you!
You feel drained.
You hit viagra's ghost but do no damage.
Viagra's ghost is moderately damaged.
Viagra's ghost hits you!
* * * LOW HITPOINT WARNING * * *
You feel drained.
* * * LOW HITPOINT WARNING * * *
Okay, then.
You are confused.
You feel invigorated. Viagra's ghost barely misses you.
Viagra's ghost attacks as you move away!
Viagra's ghost hits you!
* * * LOW HITPOINT WARNING * * *
You feel drained.
You die...

#..#.............# #.......
#.....#########..# ##.#.#...
#[##..#.......#..## #....##.#
#.##..#..$$.!.#...######....##.#
#..)..#....$..#......#.......#.#
#.##..#.......#.................
#.##..#.......#..###.#.......#..
#.##..#?......#..# #.###...#####
#.##..#.....lS#@.# #.........##≈
##.##..###'''###†W#######.#.###≈≈
...##........l.......# #.###..#≈≈
##.##.............##.# ##.#.###≈♣
##.........#########.# ##.## #♣.
############ #.# #.# #.. # #.#
#.# #♣. # #.# ##.## #♣ #
#.####.#.## #


You could see viagra's ghost.

Vanquished Creatures
  Sigmund (D:5)
  A black bear (D:5)
  An ogre (D:5)
  3 scorpions
  2 howler monkeys
  3 hounds (D:4)
  2 iguanas
  An orc wizard (D:3)
  10 adders
  2 worms (D:2)
  9 orcs
  7 ball pythons
  7 endoplasms
  2 giant cockroaches (D:3)
  4 goblins
  8 hobgoblins
  12 jackals
  5 kobolds
  3 quokkas
  4 bats
  6 frilled lizards
  5 rats
98 creatures vanquished.

Notes
Turn   | Place    | Note
-------+----------+-------------------------------------------
     0 | D:1      | Okkudo the Hill Orc Monk began the quest for the Orb.
     0 | D:1      | Reached XP level 1. HP: 19/19 MP: 1/1
    97 | D:1      | Found a faded altar of an unknown god.
   260 | D:1      | Reached XP level 2. HP: 21/27 MP: 2/2
   943 | D:2      | Reached XP level 3. HP: 22/33 MP: 3/3
  1179 | D:2      | Reached XP level 4. HP: 34/41 MP: 4/4
  1480 | D:2      | Reached skill level 5 in Axes
  1691 | D:3      | Reached XP level 5. HP: 36/47 MP: 5/5
  1893 | D:3      | Noticed viagra's ghost (amateur MiBe)
  1907 | D:3      | Found a runed translucent gate.
  1907 | D:3      | Found a runed translucent gate.
  1907 | D:3      | Found a runed translucent gate.
  2292 | D:3      | Found a hazy altar of Hepliaklqana.
  2462 | D:4      | Reached skill level 6 in Axes
  2462 | D:4      | Reached skill level 1 in Armour
  2617 | D:4      | Reached XP level 6. HP: 52/55 MP: 6/6
  2656 | D:4      | Reached skill level 7 in Axes
  2887 | D:4      | Found an ornate altar of the Wu Jian Council.
  2914 | D:4      | Reached XP level 7. HP: 54/60 MP: 7/7
  3109 | D:5      | Entered Level 5 of the Dungeon
  3187 | D:5      | Reached skill level 8 in Axes
  3412 | D:5      | Became a worshipper of Beogh the Brigand
  3412 | D:5      | Reached * piety under Beogh
  3412 | D:5      | Reached ** piety under Beogh
  3536 | D:5      | Reached skill level 9 in Axes
  3572 | D:5      | Noticed Sigmund
  3609 | D:5      | Killed Sigmund
  3854 | D:5      | Reached XP level 8. HP: 54/67 MP: 8/8
  4087 | D:3      | HP: 1/56 [viagra's ghost (9)]
  4087 | D:3      | Slain by viagra's ghost

Illustrated notes

Levels and vault maps discovered:
D:1:      dpeg_arrival_shelter, layout_basic, dreamdust_ecumenical_altar_statues
D:2:      layout_loops_ring
D:3:      layout_loops_ring, worldfamousw_hep_ancestral_shrine,
          gammafunk_ghost_split, minmay_misc_feat_roman, nicolae_titane
D:4:      layout_rooms, nzn_wu_jian_contemplation
D:5:      layout_basic, sigmund_army

Skill      XL: |  1  2  3  4  5  6  7 |
---------------+----------------------+-----
Fighting       | 4 |  4.8
Dodging        | 3 |  3.3
Axes           | 5 6 7 9 |  9.9
Armour         | 1 2 4 |  4.4

Action                     |  1- 3 |  4- 6 |  7- 9 || total
---------------------------+-------+-------+-------++-------
  Melee: Hand axe          |   103 |    34 |       ||   137
         War axe           |       |    89 |    75 ||   164
  Throw: Dart              |       |       |     2 ||     2
 Invoke: Convert to Beogh  |       |       |     1 ||     1
    Use: Potion            |       |       |     1 ||     1
 Armour: Leather armour    |     4 |       |       ||     4
         Chain mail        |    43 |    52 |       ||    95
         Ring mail         |     3 |       |       ||     3
         Plate armour      |       |    35 |    81 ||   116
  Dodge: Dodged            |    39 |    39 |    40 ||   118
